 Dungeon Crawl Stone Soup version 0.30.1 (webtiles) character file.

Game seed: 13289249469515108843

32430 cdecastro the Bludgeoner (level 13, -11/137 HPs)
             Began as a Troll Fighter on July 7, 2023.
             Was an Elder of the Shining One.
             Mangled by a skyshark (21 damage)
             ... on level 4 of the Lair of Beasts.
             The game lasted 00:33:18 (15116 turns).

cdecastro the Bludgeoner (Troll Fighter)           Turns: 15116, Time: 00:33:19

Health: -11/137    AC:  7    Str: 27    XL:     13   Next: 31%
Magic:  12/12      EV:  9    Int:  4    God:    the Shining One [****..]
Gold:   602        SH:  8    Dex: 13    Spells: 12/12 levels left

rFire   . . .        F - +5 morningstar
rCold   . . .        c - +0 kite shield
rNeg    + + .        s - +0 troll leather armour {Pargi}
rPois   +            (helmet restricted)
rElec   .            g - +0 cloak
rCorr   .            (gloves unavailable)
SInv    .            (boots unavailable)
Will    .....        (no amulet)
Stlth   +            N - ring of poison resistance
HPRegen 2.02/turn    (no ring)
MPRegen 0.13/turn

%: no passive effects
@: glowing
A: large, unfitting armour, claws 3, regeneration 1, shaggy fur 1, tough skin 1
a: Renounce Religion, Divine Shield, Cleansing Flame


You were on level 4 of the Lair of Beasts.
You worshipped the Shining One.
The Shining One was greatly pleased with you.
You visited 3 branches of the dungeon, and saw 17 of its levels.
You also visited: Sewer and Ossuary.

You collected 1008 gold pieces.
You spent 406 gold pieces at shops.

Inventory:

Hand Weapons
 F - a +5 morningstar (weapon)
Missiles
 a - 6 large rocks
 k - 29 poisoned darts (quivered)
 l - 5 atropa-tipped darts
 L - 6 boomerangs
 S - 6 boomerangs of dispersal
Armour
 c - a +0 kite shield (worn)
 g - a +0 cloak (worn)
 s - a +0 troll leather armour (worn) {Pargi}
Jewellery
 I - a ring of fire
 N - a ring of poison resistance (left claw)
 R - a ring of wizardry
Wands
 q - a wand of roots (10)
 y - a wand of polymorph (2)
 J - a wand of charming (21)
 O - a wand of quicksilver (8)
 T - a wand of flame (11)
Scrolls
 h - 4 scrolls of magic mapping
 j - 4 scrolls of amnesia {unknown}
 m - 7 scrolls of enchant weapon
 n - 3 scrolls of fog
 p - 8 scrolls of teleportation
 r - 3 scrolls of acquirement {unknown}
 u - 2 scrolls of enchant armour
 v - 4 scrolls of blinking {unknown}
 x - 2 scrolls of fear
 E - a scroll of torment
 H - a scroll of identify
 M - 2 scrolls of poison
 P - 2 scrolls of immolation
 Q - a scroll of butterflies
 U - a scroll of vulnerability {unknown}
Potions
 b - 3 potions of magic
 d - 2 potions of might
 e - 4 potions of heal wounds
 f - 2 potions of ambrosia
 i - a potion of cancellation
 o - 2 potions of resistance
 t - 4 potions of invisibility
 w - 2 potions of brilliance
 z - 16 potions of curing
 A - 6 potions of flight
 B - 6 potions of lignification
 C - 2 potions of haste
 D - 4 potions of mutation
 G - 6 potions of attraction
Miscellaneous
 K - a phantom mirror (inert)


   Skills:
 + Level 11.6 Fighting
 - Level 16.0 Maces & Flails
 * Level 6.3 Throwing
 - Level 2.4 Dodging
 - Level 2.6 Shields


You had 12 spell levels left.
You didn't know any spells.
Your spell library contained the following spells:

 Spells                   Type           Power      Damage    Failure   Level
 Beastly Appendage        Tmut           0%         N/A       80%         1
 Magic Dart               Conj           0%         1d3       80%         1
 Shock                    Conj/Air       0%         1d3       80%         1
 Summon Small Mammal      Summ           0%         N/A       80%         1
 Poisonous Vapours        Pois/Air       0%         N/A       90%         2
 Searing Ray              Conj           0%         2d4       90%         2
 Wereblood                Tmut           0%         N/A       90%         2
 Call Canine Familiar     Summ           0%         N/A       99%         3
 Ignite Poison            Fire/Tmut/Pois 0%         N/A       99%         3
 Inner Flame              Hex/Fire       0%         N/A       99%         3
 Mephitic Cloud           Conj/Pois/Air  0%         N/A       99%         3
 Spider Form              Tmut/Pois      0%         N/A       99%         3
 Summon Guardian Golem    Hex/Summ       0%         N/A       99%         3
 Swiftness                Air            0%         N/A       99%         3
 Vhi's Electric Charge    Tloc/Air       0%         N/A       99%         3
 Airstrike                Air            0%         2d(0-16)  100%        4
 Fulminant Prism          Conj/Hex       0%         3d5       100%        4
 Leda's Liquefaction      Hex/Erth       0%         N/A       100%        4
 Arcjolt                  Conj/Air       0%         1d10      100%        5
 Lee's Rapid Deconstruct  Erth           0%         3d4*      100%        5
 Yara's Violent Unravell  Hex/Tmut       0%         3d3       100%        5
 Statue Form              Tmut/Erth      0%         N/A       100%        6
 Enfeeble                 Hex            0%         N/A       100%        7
 Maxwell's Capacitive Co  Air            0%         ∞         100%        8


Dungeon Overview and Level Annotations

Branches:
Dungeon (12/15)            Temple (1/1) D:6            Lair (4/5) D:10
  Swamp (0/4) Lair:2       Spider (0/4) Lair:2        Slime (0/5) Lair:4
    Orc (0/2) D:12          Sewer (visited)         Ossuary (visited)

Altars:
Ashenzari
Cheibriados
Dithmenos
Elyvilon
Fedhas
Gozag
Hepliaklqana
Kikubaaqudgha
Makhleb
Nemelex Xobeh
Okawaru
Qazlal
Ru
Sif Muna
Trog
Uskayaw
Vehumet
Wu Jian
Xom
Yredelemnul
Zin
The Shining One
Jiyva

Shops:
D:10 ?   D:12 (

Annotations:
D:6 3 runed translucent doors, bzaaaaa's ghost, novice DEEE


Innate Abilities, Weirdness & Mutations

You are too large for most types of armour.
You have claws for hands.
Your natural rate of healing is unusually fast.
You are covered in fur. (AC +1)
You have tough skin. (AC +1)


Message History

The skyshark tail-slaps you but does no damage.
Aiming: Phantom Mirror
Press: ? - help, Dir - move target, f - skyshark
Aim: a skyshark (heavily wounded, berserk, haloed)
You reflect the skyshark with the mirror!
The mirror clouds!
Your skyshark bites the skyshark but does no damage.
Your skyshark tail-slaps the skyshark.
Your skyshark tail-slaps the skyshark but does no damage.
The skyshark bites your skyshark! The skyshark tail-slaps your skyshark.
The skyshark closely misses your skyshark.
The skyshark bites your skyshark!! The skyshark tail-slaps your skyshark.
The skyshark completely misses your skyshark.
Your skyshark bites the skyshark but does no damage.
Your skyshark tail-slaps the skyshark.
Your skyshark tail-slaps the skyshark but does no damage.
Your skyshark completely misses the skyshark.
Your skyshark tail-slaps the skyshark. x2; The skyshark bites your skyshark!
The skyshark tail-slaps your skyshark but does no damage.
The skyshark tail-slaps your skyshark!
Unknown command.
The skyshark bites your skyshark!
Your skyshark dies!
Your skyshark's corpse shimmers and vanishes!
Unknown command.
Aiming: Quicksilver Bolt
Press: ? - help, Shift-Dir - straight line, f/p - skyshark
Aim: a skyshark (heavily wounded, berserk, haloed, 86% to hit)
The bolt of dispelling energy hits the skyshark!
The skyshark is severely wounded.
The skyshark bites you!!
* * * LOW HITPOINT WARNING * * *
The skyshark tail-slaps you!
* * * LOW HITPOINT WARNING * * *
The skyshark tail-slaps you! The Shining One protects you from harm!
You puncture the skyshark!
The skyshark is severely wounded.
The skyshark bites you!!
You die...

#~~....###..####.......
##≈~....#....##....###..
#≈≈≈...[....##....#....#
##≈≈~≈.....###..#........
#≈≈≈≈~~..#####......♣...♣
#≈≈≈≈≈~...#..'..#.....>..
≈≈≈≈≈~......##..#...♣...♣
≈≈≈≈≈~.<...#.#...........
≈≈≈~≈...@..####..#.#....#
##≈~....l...####...†##..#
#≈~...#.....# ###.......
##~.........## ###†....
#....#......#### #.#+##
#..............# #....#
#......P.......##♣.....
#....#.#........##♣.>.♣
#.........#......#.....


You could see a skyshark (berserk).

Vanquished Creatures
  Fannar (Lair:2)
  A hydra (Lair:4)
  A two-headed ogre (D:12)
  A skyshark (Lair:2)
  A bog body (Lair:2)
  An orb spider (Lair:2)
  An orc knight (D:12)
  2 cyclopes (D:12)
  4 manticores
  2 black mambas (Lair:2)
  4 elephants
  Maurice (D:9)
  5 cane toads
  3 rime drakes
  8 komodo dragons
  4 trolls
  2 polar bears
  6 hornets
  15 blink frogs
  2 dream sheep (Lair:4)
  Grinder (D:3)
  A slime creature (D:12)
  Sigmund (D:4)
  2 shadows (D:11)
  3 wraiths
  33 yaks
  5 wyverns
  Grum (D:10)
  6 vampire mosquitoes (D:11)
  Edmund (D:6)
  3 swamp worms (Lair:2)
  2 water moccasins
  Duvessa (D:5)
  Pargi (Sewer)
  6 ice beasts
  6 orc warriors
  An ogre (D:4)
  5 black bears
  A sky beast (D:7)
  7 wolves
  3 centaurs
  A phantom (D:3)
  3 elf zombies (Ossuary)
  6 bullfrogs
  4 scorpions
  13 wights
  Dowan (D:5)
  2 electric eels (Lair:2)
  8 howler monkeys
  9 human zombies (Ossuary)
  10 orc priests
  A hound (D:4)
  2 jellies
  A gnoll bouda (Lair:4)
  Terence (D:3)
  2 sleepcaps (D:5)
  Ijyb (D:3)
  7 orc wizards
  An iguana (D:5)
  A hell rat (Lair:1)
  3 mummies (Ossuary)
  8 adders
  A river rat (D:3)
  2 white imps
  A worm (D:4)
  2 dart slugs
  30 orcs
  5 endoplasms
  2 giant cockroaches
  6 hobgoblins
  9 jackals
  8 quokkas
  14 ball pythons
  3 bats
  8 frilled lizards
  8 goblins
  3 kobolds (D:1)
  8 rats
350 creatures vanquished.

Notes
Turn   | Place    | Note
-------+----------+-------------------------------------------
     0 | D:1      | cdecastro the Troll Fighter began the quest for the Orb.
     0 | D:1      | Reached XP level 1. HP: 22/22 MP: 0/0
    81 | D:1      | Reached skill level 2 in Maces & Flails
   141 | D:1      | Reached XP level 2. HP: 29/29 MP: 1/1
   311 | D:1      | Got Ockas's Essays on the Hazy Bonfire
   482 | D:1      | Reached XP level 3. HP: 36/36 MP: 2/2
   738 | D:2      | Reached skill level 3 in Maces & Flails
  1182 | D:2      | Reached XP level 4. HP: 45/45 MP: 3/3
  1712 | D:3      | Noticed Ijyb
  1733 | D:3      | Killed Ijyb
  1793 | D:3      | Found a glowing drain.
  1846 | D:3      | Identified the +1 robe of Henotheism {Harm +Blink Int+5}
  1863 | Sewer    | Entered a sewer
  1916 | Sewer    | Noticed Pargi
  1936 | Sewer    | Killed Pargi
  1937 | Sewer    | Reached skill level 4 in Maces & Flails
  1937 | Sewer    | Reached XP level 5. HP: 24/53 MP: 4/4
  2128 | D:3      | Noticed Grinder
  2136 | D:3      | Paralysed by Grinder for 2 turns
  2144 | D:3      | Killed Grinder
  2145 | D:3      | Reached skill level 5 in Maces & Flails
  2145 | D:3      | Reached XP level 6. HP: 62/62 MP: 5/5
  2336 | D:3      | Reached XP level 7. HP: 70/70 MP: 6/6
  2339 | D:3      | Noticed Terence
  2348 | D:3      | Killed Terence
  2883 | D:4      | Reached skill level 6 in Maces & Flails
  2900 | D:4      | Found a sand-covered staircase.
  2904 | Ossuary  | Entered an ossuary
  3077 | Ossuary  | Reached skill level 5 in Fighting
  3077 | Ossuary  | Reached skill level 7 in Maces & Flails
  3125 | Ossuary  | Reached XP level 8. HP: 78/80 MP: 7/7
  3687 | D:4      | Noticed Sigmund
  3711 | D:4      | Killed Sigmund
  3712 | D:4      | Reached skill level 8 in Maces & Flails
  3972 | D:5      | Entered Level 5 of the Dungeon
  4346 | D:5      | Found a hide-covered altar of Uskayaw.
  4486 | D:5      | Noticed Dowan
  4490 | D:5      | Noticed Duvessa
  4506 | D:5      | Killed Dowan
  4515 | D:5      | HP: 1/64 [Duvessa/+3 rapier of draining (3)]
  4516 | D:5      | Killed Duvessa
  4713 | D:6      | Noticed Edmund
  4789 | D:6      | Reached skill level 9 in Maces & Flails
  4789 | D:6      | Reached XP level 9. HP: 31/82 MP: 8/8
  5066 | D:6      | Killed Edmund
  5077 | D:6      | Identified the +7 plate armour "Pyiprati" {+Inv}
  5109 | D:6      | Found a runed translucent gate.
  5109 | D:6      | Found a runed translucent gate.
  5109 | D:6      | Found a runed translucent gate.
  5207 | D:6      | Found a staircase to the Ecumenical Temple.
  5316 | Temple   | Entered the Ecumenical Temple
  5535 | Temple   | Became a worshipper of the Shining One
  5876 | D:6      | Noticed bzaaaaa's ghost (novice DEEE)
  5987 | D:7      | Reached skill level 10 in Maces & Flails
  6832 | D:8      | You fall into a shaft and drop 3 floors!
  6890 | D:10     | Entered Level 10 of the Dungeon
  7013 | D:9      | Noticed a troll
  7023 | D:9      | Killed a troll
  7024 | D:9      | Reached skill level 11 in Maces & Flails
  7024 | D:9      | Reached XP level 10. HP: 92/102 MP: 9/9
  7055 | D:9      | Reached * piety under the Shining One
  7879 | D:8      | Reached skill level 12 in Maces & Flails
  8393 | D:9      | Identified the +1 robe "Sucretucw" {rF+ Will- Str+6}
  8429 | D:10     | Noticed Maurice
  8429 | D:10     | Reached ** piety under the Shining One
  8439 | D:9      | Killed Maurice
  8468 | D:10     | Found a blossoming altar of Fedhas.
  8530 | D:10     | Found a sacrificial altar of Ru.
  8583 | D:10     | Found a bloodstained altar of Trog.
  8601 | D:10     | Reached XP level 11. HP: 100/113 MP: 10/10
  8718 | D:10     | Found a staircase to the Lair.
  8866 | D:10     | Noticed Grum
  8888 | D:10     | Killed Grum
  9085 | D:10     | Found Baca's Magic Scroll Shop.
  9088 | D:10     | Bought a scroll of fear for 56 gold pieces
  9088 | D:10     | Bought a scroll of enchant weapon for 105 gold pieces
  9088 | D:10     | Bought a scroll of magic mapping for 105 gold pieces
  9088 | D:10     | Bought a scroll of immolation for 56 gold pieces
  9088 | D:10     | Bought a scroll of identify for 28 gold pieces
  9088 | D:10     | Bought a scroll of immolation for 56 gold pieces
  9138 | D:10     | Reached skill level 13 in Maces & Flails
  9852 | D:11     | Reached *** piety under the Shining One
 10631 | D:12     | Noticed an orc knight
 10631 | D:12     | Identified the +2 ring mail of Catatonia {*Slow rPois rF+
                  | Int+6}
 10632 | D:12     | Found Isoi's Weapon Shop.
 10632 | D:12     | Found a staircase to the Orcish Mines.
 10632 | D:12     | Noticed a brown ugly thing
 10680 | D:12     | Reached skill level 14 in Maces & Flails
 10685 | D:12     | Killed an orc knight
 10757 | D:12     | Noticed a two-headed ogre
 11002 | D:12     | Killed a two-headed ogre
 11091 | Lair:1   | Entered Level 1 of the Lair of Beasts
 11196 | D:10     | Reached skill level 10 in Fighting
 11196 | D:10     | Reached XP level 12. HP: 118/126 MP: 11/11
 11345 | Lair:1   | Found a burning altar of Makhleb.
 11436 | Lair:1   | Reached skill level 15 in Maces & Flails
 12232 | Lair:2   | Reached **** piety under the Shining One
 12497 | Lair:2   | Reached skill level 16 in Maces & Flails
 12580 | Lair:2   | Found a hole to the Spider Nest.
 12612 | Lair:2   | Reached skill level 1 in Throwing
 12901 | Lair:2   | Found an ornate altar of the Wu Jian Council.
 13127 | Lair:2   | HP: 6/130 [swamp worm (15)]
 13312 | Lair:2   | Found a staircase to the Swamp.
 13436 | Lair:3   | Noticed Fannar
 13512 | Lair:2   | Killed Fannar
 13513 | Lair:2   | Reached XP level 13. HP: 76/137 MP: 12/12
 14580 | Lair:4   | Reached skill level 5 in Throwing
 14828 | Lair:4   | Found a staircase to the Slime Pits.
 14828 | Lair:4   | Found a viscous altar of Jiyva.
 15115 | Lair:4   | The Shining One protects you from harm!
 15116 | Lair:4   | Mangled by a skyshark

Illustrated notes

Levels and vault maps discovered:
D:1:      nicolae_arrival_washed_ashore, layout_rooms
D:2:      layout_basic, nicolae_concentric_dashed_squares_mild, minivault_23,
          kennysheep_nub
D:3:      layout_basic, portal_sewer_entry_a, uniq_ijyb, uniq_grinder,
          uniq_terence
D:4:      layout_loops_corners, nicolae_ossuary_entry_plus, uniq_sigmund
D:5:      layout_gridville, nicolae_uskayaw_suspiria, uniq_duvessa
D:6:      layout_basic, minmay_temple_entry_poolview,
          biasface_ghost_orc_armoury, uniq_edmund
D:7:      layout_loops_corners
D:8:      layout_cave_pools
D:9:      layout_stronghold
D:10:     layout_irregular_city, mainiacjoe_overflow_catwalk_spiral,
          lemuel_round_altar, grunt_lair_entry_orc_guard_hut, serial_shops,
          nicolae_shop_rolled_up, bh_walls_and_bars, uniq_maurice, uniq_grum
D:11:     layout_grid_maze
D:12:     layout_small_grid, orc_david_3, uniq_jorgrun
Temple:   mainiacjoe_temple_bowtie_tessellation
Lair:1:   layout_chaotic_city, basic_altar, serial_bayou_pond_b,
          serial_bayou_shore_b, grunt_megastairs_3, lemuel_fruit_tree
Lair:2:   layout_gridlike, nicolae_swamp_entry_splash_gauntlet,
          nicolae_spider_entry_orb_guardian, basic_altar,
          nicolae_quartered_pool_super
Lair:3:   layout_cave_pods, uniq_fannar
Lair:4:   statuecave_lemuel, layout_hall_layers, slime_entry_1,
          dreamdust_gnoll_shepherd, grunt_megastairs_2, lemuel_fruit_fields

Skill      XL: |  1  2  3  4  5  6  7  8  9 10 11 12 13 |
---------------+----------------------------------------+-----
Maces & Flails | 2 3 4 5 7 9 11 12 14 16 | 16.0
Fighting       | 3 4 5 6 7 8 10 11 | 11.6
Throwing       | 4 6 |  6.3
Dodging        | |  2.4
Shields        | |  2.6

Action                     |  1- 3 |  4- 6 |  7- 9 | 10-12 | 13-15 || total
---------------------------+-------+-------+-------+-------+-------++-------
  Melee: Unarmed           |   123 |   133 |   374 |       |       ||   630
         Morningstar       |       |       |   140 |   566 |   116 ||   822
  Throw: Dart              |       |       |       |     3 |     1 ||     4
         Boomerang         |       |       |       |       |     3 ||     3
  Evoke: Wand              |       |       |     5 |     4 |     1 ||    10
         Phantom mirror    |       |       |       |       |     1 ||     1
    Use: Scroll            |       |       |     6 |    16 |     1 ||    23
         Potion            |       |       |     1 |     6 |     1 ||     8
 Armour: Robe              |    50 |    22 |       |       |       ||    72
         Troll leather arm |       |    21 |   130 |   120 |    25 ||   296
         Skin              |       |       |       |    11 |       ||    11
  Dodge: Dodged            |    54 |    46 |   161 |   185 |    39 ||   485
  Block: Kite shield       |    53 |    48 |   149 |   228 |    39 ||   517
